 Dungeon Crawl Stone Soup version 0.29-a0-221-gceb61267dd (webtiles) character file.

Game seed: 2894776391703733133

4 sammy202020 the Skirmisher (level 1, 0/21 HPs)
             Began as a Naga Berserker on Feb 26, 2022.
             Was a Follower of Trog.
             Slain by a giant cockroach (2 damage)
             ... on level 1 of the Dungeon.
             The game lasted 00:00:23 (56 turns).

sammy202020 the Skirmisher (Naga Berserker)           Turns: 56, Time: 00:00:24

Health: 0/21       AC:  1    Str: 19    XL:     1   Next: 70%
Magic:  1/1        EV:  9    Int:  7    God:    Trog [*.....]
Gold:   26         SH:  0    Dex: 10    Spells: 0/0 levels left

rFire   . . .      SeeInvis +   a - +0 mace
rCold   . . .      Faith    .   (no shield)
rNeg    . . .      Spirit   .   b - +0 animal skin
rPois   +          Reflect  .   (no helmet)
rElec   .          Harm     .   (no cloak)
rCorr   .          Rampage  .   (no gloves)
Will    .....                   (no barding)
Stlth   +.........              (no amulet)
HPRegen 0.07/turn               (no ring)
MPRegen 0.07/turn               (no ring)

@: very slow
A: AC +0, large, see invisible, deformed body, poison resistance, slowness 2,
spit poison 1, naga tail 1
a: Spit Poison, Renounce Religion, Berserk


You were on level 1 of the Dungeon.
You worshipped Trog.
Trog was aware of your devotion.
You visited 1 branch of the dungeon, and saw 1 of its levels.

You collected 26 gold pieces.

Inventory:

Hand Weapons
 a - a +0 mace (weapon)
Armour
 b - a +0 animal skin (worn)


   Skills:
 + Level 3.1 Fighting
 + Level 3.0 Maces & Flails
 + Level 1.6 Armour
 + Level 1.6 Dodging


You couldn't memorise any spells.
You didn't know any spells.
Your spell library was empty.

Dungeon Overview and Level Annotations

Branches:
Dungeon (1/15)

Altars:


Innate Abilities, Weirdness & Mutations

Your serpentine skin is tough. (AC +0)
You have supernaturally acute eyesight. (SInv)
Armour fits poorly on your strangely shaped body.
Your system is resistant to poisons. (rPois)
You cover ground very slowly.
You can spit poison.
You have a snake-like lower body.


Message History

You kill the rat!
Trog accepts your kill.
The giant cockroach splashes around in the water.
You thump the giant cockroach!
You kill the giant cockroach!
Trog accepts your kill.
You feel a strong urge to attack something.
You are no longer berserk.
You are exhausted.
You feel yourself slow down.
You see here a bat corpse.
You now have 19 gold pieces (gained 8).
You now have 26 gold pieces (gained 7).
You feel yourself speed up.
You enter the shallow water.
Moving in this stuff is going to be slow.
A giant cockroach and a ball python come into view.
Found a scroll labelled NOQANO BOJAESAI.
You see here 15 gold pieces.
You enter the shallow water.
Moving in this stuff is going to be slow.
The ball python hisses angrily.
The ball python bites you. The ball python barely misses you.
You closely miss the giant cockroach. The giant cockroach bites you.
The ball python bites you.
* * * LOW HITPOINT WARNING * * *
You completely miss the giant cockroach.
The giant cockroach bites you.
* * * LOW HITPOINT WARNING * * *
The ball python bites you.
* * * LOW HITPOINT WARNING * * *
The giant cockroach bites you.
* * * LOW HITPOINT WARNING * * *
The ball python completely misses you.
You recover from your berserk rage.
You see here 15 gold pieces.
The giant cockroach barely misses you. The ball python misses you.
You barely miss the ball python. The giant cockroach bites you.
You die...

#≈≈##...#.#≈≈≈#.....
#≈≈#.......≈≈≈#.....
#≈≈.....)...≈≈#.....
###...........##.....
#≈#....≈≈≈.....≈.....
#####.....≈...≈..........
##.........≈.<.≈..†...#.#.
##.......B..≈...≈....†.#
#......≈$S@..≈≈≈.....≈.#
#......#≈...........##...#
#......##≈.........≈# .....
#.?....#≈#≈#......≈≈≈###.#.
#......###≈#..##.#≈#≈# .#
##..... ############# #
##.... #####


You could see a giant cockroach and a ball python.

Vanquished Creatures
  A bat (D:1)
  A giant cockroach (D:1)
  A quokka (D:1)
  A rat (D:1)
4 creatures vanquished.

Notes
Turn   | Place    | Note
-------+----------+-------------------------------------------
     0 | D:1      | sammy202020 the Naga Berserker began the quest for the Orb.
     0 | D:1      | Reached XP level 1. HP: 21/21 MP: 1/1
    56 | D:1      | Slain by a giant cockroach

Illustrated notes

Levels and vault maps discovered:
D:1:      enne_arrival_octagon_isle, layout_rooms, basic_ecumenical_altar,
          minmay_pentomino_w4

Action                   || total
-------------------------++-------
Melee: Mace              ||    15
Invok: Berserk           ||     1
Armor: Animal skin       ||     2
Dodge: Dodged            ||    12

Table legend: (Time is in decaauts)
 A = Elapsed time spent in this place.
 B = Non-inter-level travel time spent in this place.
 C = Inter-level travel time spent in this place.
 D = Time resting spent in this place.
 E = Time spent auto-exploring this place.
 F = Levels seen in this place.
 G = Mean time per level.
                   A        B        C        D        E       F      G
               +--------+--------+--------+--------+--------+-----+--------+
         Total |     83 |     83 |      0 |      0 |      4 |   1 |   83.0 |
       Dungeon |     83 |     83 |      0 |      0 |      4 |   1 |   83.0 |
               +--------+--------+--------+--------+--------+-----+--------+

Top non-repeatable levels by time:
     D:1: 83 daAuts
